 Dungeon Crawl Stone Soup version 0.19-a0-958-gd69d43c (webtiles) character file.

312 HAL9000 the Slasher (level 6, -1/52 HPs)
             Began as a Minotaur Chaos Knight on July 11, 2016.
             Slain by a small abomination (5 damage)
             ... summoned by the capriciousness of Xom
             ... on level 4 of the Dungeon.
             The game lasted 00:04:53 (3287 turns).

HAL9000 the Slasher (Minotaur Chaos Knight)         Turns: 3287, Time: 00:04:53

Health: -1/52      AC:  7    Str: 17    XL:     6   Next: 18%
Magic:  5/5        EV: 12    Int:  9    God:    Xom [..*...]
Gold:   86         SH:  0    Dex: 11    Spells: 0 memorised, 5 levels left

rFire  . . .     SeeInvis .     a - +0 falchion (chaos)
rCold  . . .     Gourm    .     b - +2 leather armour
rNeg   . . .     Faith    .     (no shield)
rPois  .         Spirit   .     (helmet restricted)
rElec  .         Dismiss  .     (no cloak)
rCorr  .         Reflect  .     g - +1 pair of gloves
SustAt .         Harm     .     (no boots)
MR     +....                    (no amulet)
Stlth  ++........               q - ring of protection from magic
                                e - ring of stealth

@: somewhat resistant to hostile enchantments, unstealthy
A: retaliatory headbutt, horns 2
a: Renounce Religion


You were on level 4 of the Dungeon.
You worshipped Xom.
You were a toy of Xom.
You were not hungry.

You visited 1 branch of the dungeon, and saw 4 of its levels.

You collected 86 gold pieces.

Inventory:

Hand Weapons
 a - a +0 falchion of chaos (weapon)
Armour
 b - a +2 leather armour (worn)
 g - a +1 pair of gloves (worn)
Jewellery
 e - a ring of stealth (left hand)
 q - a ring of protection from magic (right hand)
Scrolls
 d - 2 scrolls of identify {unknown}
 h - a scroll of noise {unknown}
 k - a scroll of random uselessness {unknown}
 p - a scroll of enchant weapon {unknown}
Potions
 f - a potion of magic {unknown}
 i - a potion of curing
 l - a potion of degeneration {unknown}
 m - a potion of invisibility
 n - a potion of brilliance {unknown}
 o - 2 potions of berserk rage {unknown}
 r - a potion of lignification {unknown}
 u - a potion of agility {unknown}
Comestibles
 c - 6 bread rations
 j - a meat ration
 t - a fruit


   Skills:
 + Level 4.2 Fighting
 * Level 7.6 Long Blades
 + Level 2.8 Armour
 + Level 2.1 Dodging


You had 5 spell levels left.
You didn't know any spells.

Dungeon Overview and Level Annotations

Branches:
Dungeon (4/15)
 Temple: D:4-7

Altars:
Hepliaklqana


Innate Abilities, Weirdness & Mutations

You reflexively headbutt those who attack you in melee.
You have a pair of horns on your head.


Message History

The small abomination barely misses you.
You riposte.
You closely miss the small abomination.
You headbutt the small abomination, but do no damage.
The small abomination is moderately damaged.
The small abomination hits you!
* * * LOW HITPOINT WARNING * * *
All of the chunks of flesh in your inventory have rotted away.
Okay, then.
The small abomination hits you.
* * * LOW HITPOINT WARNING * * *
Okay, then.
It was a potion of curing.
You feel better.
Xom thinks this is hilarious!
The small abomination hits you!
* * * LOW HITPOINT WARNING * * *
Unknown command.
The small abomination barely misses you.
You see here a pair of gloves.
The small abomination hits you.
You die...

#.............
#.<.)....#.##.......
###.).................
##.....####...#.....#
#####.....##.#..........
..............##.<#.....#
######.....##.##.........
...!...................#
.......@xx.............#
.......................#
..###.#.#..#.##.........
.. .....#..#.####.#.....
###.............# ....
.....................
###...#......##.......
....................
....................


You could see 2 small abominations.

Vanquished Creatures
  A giant frog (D:3)
  2 orc priests (D:3)
  An orc wizard (D:3)
  A gnoll shaman (D:3)
  5 gnolls
  3 adders (D:2)
  A worm (D:3)
  A dart slug (D:1)
  A giant gecko (D:2)
  8 orcs (D:3)
  A ball python (D:3)
  3 giant cockroaches
  6 goblins
  3 hobgoblins
  5 kobolds
  4 quokkas
  5 bats
  A giant newt (D:2)
  4 rats
56 creatures vanquished.

Notes
Turn   | Place    | Note
-------+----------+-------------------------------------------
     0 | D:1      | HAL9000 the Minotaur Chaos Knight began the quest for the Orb.
     0 | D:1      | Reached XP level 1. HP: 19/19 MP: 0/0
    53 | D:1      | XOM: silly message
   238 | D:1      | Reached skill level 4 in Long Blades
   245 | D:1      | Reached XP level 2. HP: 20/27 MP: 1/1
   986 | D:2      | Reached skill level 5 in Long Blades
  1085 | D:2      | Reached XP level 3. HP: 33/33 MP: 2/2
  1501 | D:3      | XOM: stealth player
  1517 | D:3      | XOM: harmless Summ miscast
  1570 | D:3      | Reached skill level 6 in Long Blades
  1570 | D:3      | Reached XP level 4. HP: 28/40 MP: 3/3
  2011 | D:3      | Reached skill level 7 in Long Blades
  2011 | D:3      | Reached XP level 5. HP: 29/46 MP: 4/4
  2161 | D:3      | XOM: divination: detect items
  2219 | D:3      | XOM: harmless Tmut miscast
  2285 | D:3      | Found a hazy altar of Hepliaklqana.
  2321 | D:3      | XOM: divination: detect creatures
  3015 | D:3      | Reached XP level 6. HP: 52/52 MP: 5/5
  3035 | D:4      | XOM: divination: detect items
  3256 | D:4      | XOM: medium Summ miscast
  3277 | D:4      | HP: 1/52 [small abomination[the capriciousness of Xom] (4)]
  3287 | D:4      | Slain by a small abomination

Vault maps used:
D:1:      dpeg_arrival_shrine
D:3:      nicolae_overflow_crystal_walls, first_bread, minmay_misc_feat_plants
D:4:      grunt_pakellas_sulfur, uniq_sigmund, uniq_menkaure, uniq_duvessa

Skill      XL: |  1  2  3  4  5  6 |
---------------+-------------------+-----
Long Blades    | 4 5 6 7 |  7.6
Fighting       | 4 |  4.2
Dodging        | 2 |  2.1
Armour         | |  2.8

Action                   |  1- 3 |  4- 6 || total
-------------------------+-------+-------++-------
Melee: Falchion          |    77 |    96 ||   173
       Headbutt          |     7 |    23 ||    30
  Use: Potion            |       |     2 ||     2
 Stab: Sleeping          |     3 |     1 ||     4
  Eat: Chunk             |     2 |     6 ||     8
Armor: Leather armour    |    24 |    31 ||    55
Dodge: Dodged            |    36 |    39 ||    75
